General information
- name: BNet
- type: Ladder team game (AT/RT)
- host: Battle.net
- saver: Birdeneering
map: Highperch
- players: 6
- length: 159:54
- speed: Fast
- version: 1.26 W3XP
- replay type:

» download(656 KB)
Players
team 1 (loser)

»
Goosang.ReFree (
pink | 30 APM | 3139 actions | 103:25)
4 Priestess of the Moon
2 Trueshot Aura
2 Searing Arrows
» actions
| Assign group hotkey | 1 | |
| Basic commands | 22 | |
| Build / train | 72 | |
| Enter build submenu | 26 | |
| Enter hero's abilities submenu | 4 | |
| Give item / drop item | 1 | |
| Remove unit from queue | 2 | |
| Right click | 1974 | |
| Select / deselect | 986 | |
| Use ability | 49 | |
3139 total
» units
| Wisp | 41 | |
| Huntress | 3 | |
| Glaive Thrower | 5 | |
| Chimaera | 4 | |
53 total
» upgrades
| Strength of the Wild | 3 | |
| Reinforced Hides | 3 | |
| Vorpal Blades | 1 | |
| Corrosive Breath | 1 | |
8 total
» buildings
| Moon Well | 8 | |
| Altar of Elders | 1 | |
| Hunter's Hall | 2 | |
| Ancient of War | 2 | |
| Tree of Ages | 2 | |
| Tree of Life | 3 | |
| Ancient Protector | 5 | |
| Tree of Eternity | 1 | |
| Ancient of Wind | 1 | |
| Chimaera Roost | 2 | |
27 total
» build order
00:06 Moon Well
00:31 Altar of Elders
01:46 Hunter's Hall
01:49 Ancient of War
01:56 Moon Well
02:14 Ancient of War
02:47 Moon Well
04:53 Tree of Ages
04:54 Tree of Ages
05:26 Tree of Life
06:06 Tree of Life
06:33 Ancient Protector
09:21 Tree of Eternity
09:23 Ancient of Wind
11:40 Ancient Protector
11:42 Ancient Protector
12:03 Ancient Protector
12:16 Chimaera Roost
12:18 Chimaera Roost
12:26 Ancient Protector
12:50 Moon Well
13:16 Moon Well
16:20 Moon Well
17:22 Moon Well
19:54 Moon Well
28:48 Tree of Life
30:36 Hunter's Hall
» items
NvP.BornToKiLL (
yellow | 51 APM | 6021 actions | 118:13)
6 Death Knight
3 Death Coil
2 Unholy Aura
1 Animate Dead
4 Lich
2 Frost Nova
2 Frost Armor
» actions
| Assign group hotkey | 48 | |
| Basic commands | 169 | |
| Build / train | 70 | |
| Enter build submenu | 19 | |
| Enter hero's abilities submenu | 11 | |
| Give item / drop item | 4 | |
| Remove unit from queue | 1 | |
| Right click | 2698 | |
| Select / deselect | 1127 | |
| Select group hotkey | 1677 | |
| Use ability | 197 | |
6021 total
» units
| Acolyte | 5 | |
| Ghoul | 5 | |
| Crypt Fiend | 8 | |
| Frost Wyrm | 14 | |
32 total
» upgrades
| Creature Attack | 3 | |
| Web | 1 | |
| Creature Carapace | 3 | |
| Burrow | 1 | |
8 total
» buildings
| Graveyard | 1 | |
| Crypt | 1 | |
| Altar of Darkness | 1 | |
| Ziggurat | 10 | |
| Tomb of Relics | 2 | |
| Nerubian Tower | 2 | |
| Halls of the Dead | 2 | |
| Black Citadel | 2 | |
| Sacrificial Pit | 1 | |
| Boneyard | 2 | |
24 total
» build order
00:06 Graveyard
00:12 Crypt
00:21 Altar of Darkness
00:37 Ziggurat
00:51 Tomb of Relics
01:04 Tomb of Relics
02:08 Ziggurat
02:20 Nerubian Tower
03:45 Halls of the Dead
03:45 Halls of the Dead
04:18 Ziggurat
06:18 Black Citadel
06:19 Black Citadel
06:22 Ziggurat
07:22 Sacrificial Pit
08:44 Boneyard
08:45 Boneyard
08:47 Ziggurat
09:19 Ziggurat
10:29 Ziggurat
17:48 Ziggurat
18:48 Ziggurat
21:07 Ziggurat
» items
| Rod of Necromancy | 1 | |
| Scroll of Speed | 1 | |
| Healing Salve | 1 | |
| Orb of Corruption | 1 | |
| Scroll of Town Portal | 1 | |
5 total
NvP.showtime (
orange | 36 APM | 5758 actions | 159:54)
4 Blademaster
2 Wind Walk
2 Critical Strike
4 Tauren Chieftain
2 Endurance Aura
2 War Stomp
» actions
| Assign group hotkey | 53 | |
| Basic commands | 169 | |
| Build / train | 93 | |
| ESC pressed | 7 | |
| Enter build submenu | 26 | |
| Enter hero's abilities submenu | 8 | |
| Give item / drop item | 15 | |
| Right click | 2855 | |
| Select / deselect | 1451 | |
| Select group hotkey | 851 | |
| Use ability | 229 | |
5758 total
» units
| Peon | 11 | |
| Wind Rider | 3 | |
| Kodo Beast | 1 | |
| Shaman | 3 | |
| Troll Witch Doctor | 8 | |
| Demolisher | 6 | |
| Tauren | 5 | |
| Troll Batrider | 6 | |
43 total
» upgrades
| Shaman Training | 2 | |
| War Drums Damage Increase | 1 | |
| Reinforced Defenses | 1 | |
| Witch Doctor Training | 2 | |
| Melee Weapons | 1 | |
| Ranged Weapons | 3 | |
| Berserker Strength | 1 | |
| Burning Oil | 1 | |
| Armor | 3 | |
15 total
» buildings
| Altar of Storms | 1 | |
| Orc Burrow | 10 | |
| Voodoo Lounge | 1 | |
| War Mill | 1 | |
| Stronghold | 1 | |
| Spirit Lodge | 1 | |
| Fortress | 2 | |
| Beastiary | 4 | |
| Tauren Totem | 1 | |
| Barracks | 1 | |
| Watch Tower | 3 | |
26 total
» build order
00:07 Altar of Storms
00:20 Orc Burrow
01:05 Voodoo Lounge
01:35 War Mill
02:12 Stronghold
02:37 Orc Burrow
04:35 Spirit Lodge
04:37 Fortress
04:41 Beastiary
05:55 Orc Burrow
07:59 Orc Burrow
10:38 Tauren Totem
10:53 Barracks
11:34 Orc Burrow
12:35 Orc Burrow
12:37 Orc Burrow
17:23 Orc Burrow
18:15 Orc Burrow
19:26 Watch Tower
19:29 Watch Tower
20:04 Watch Tower
24:14 Orc Burrow
32:20 Beastiary
32:38 Beastiary
32:48 Beastiary
» items
| Healing Salve | 2 | |
| Lesser Clarity Potion | 2 | |
| Scroll of Speed | 2 | |
| Potion of Healing | 3 | |
| Orb of Lightning | 2 | |
| Scroll of Healing | 2 | |
| Scroll of Protection | 1 | |
14 total
team 2 (winner)
AlasPoorYorick (
teal | 37 APM | 5859 actions | 159:54)
4 Warden
2 Shadow Strike
2 Blink
» actions
| Assign group hotkey | 51 | |
| Basic commands | 79 | |
| Build / train | 89 | |
| Enter build submenu | 17 | |
| Enter hero's abilities submenu | 4 | |
| Give item / drop item | 1 | |
| Remove unit from queue | 1 | |
| Right click | 3269 | |
| Select / deselect | 790 | |
| Select group hotkey | 1305 | |
| Use ability | 253 | |
5859 total
» units
| Wisp | 57 | |
| Hippogryph | 9 | |
| Druid of the Talon | 1 | |
67 total
» upgrades
| Ultravision | 1 | |
| Nature's Blessing | 1 | |
| Strength of the Wild | 3 | |
| Reinforced Hides | 3 | |
| Druid of the Talon Training | 1 | |
| Well Spring | 1 | |
10 total
» buildings
| Altar of Elders | 2 | |
| Moon Well | 8 | |
| Ancient of Wonders | 2 | |
| Tree of Life | 2 | |
| Tree of Ages | 1 | |
| Hunter's Hall | 1 | |
| Tree of Eternity | 1 | |
| Ancient of Wind | 2 | |
19 total
» build order
00:05 Altar of Elders
00:18 Moon Well
01:31 Moon Well
03:20 Moon Well
06:06 Ancient of Wonders
06:18 Ancient of Wonders
08:54 Altar of Elders
08:56 Moon Well
10:53 Tree of Life
14:43 Tree of Life
19:39 Tree of Ages
19:44 Moon Well
19:45 Moon Well
20:01 Hunter's Hall
21:33 Moon Well
21:36 Moon Well
22:27 Tree of Eternity
23:07 Ancient of Wind
23:11 Ancient of Wind
» items
| Boots of Speed | 1 | |
| Staff of Teleportation | 1 | |
| Orb of Venom | 1 | |
| Tiny Great Hall | 1 | |
4 total
Birdeneering (
purple | 54 APM | 8673 actions | 159:54)
6 Archmage
3 Blizzard
2 Brilliance Aura
1 Mass Teleport
4 Mountain King
2 Storm Bolt
2 Bash
5 Paladin
3 Holy Light
2 Divine Shield
» actions
| Assign group hotkey | 335 | |
| Basic commands | 96 | |
| Build / train | 199 | |
| Enter build submenu | 203 | |
| Enter hero's abilities submenu | 16 | |
| Give item / drop item | 9 | |
| Remove unit from queue | 3 | |
| Right click | 4529 | |
| Select / deselect | 915 | |
| Select group hotkey | 1853 | |
| Use ability | 515 | |
8673 total
» units
| Peasant | 23 | |
| Dragonhawk Rider | 9 | |
32 total
» upgrades
| Masonry | 3 | |
| Lumber Harvesting | 2 | |
| Magic Sentry | 1 | |
| Cloud | 1 | |
| Animal War Training | 1 | |
| Swords | 3 | |
| Armor | 3 | |
14 total
» buildings
| Altar of Kings | 2 | |
| Farm | 16 | |
| Lumber Mill | 2 | |
| Scout Tower | 178 | |
| Arcane Tower | 19 | |
| Guard Tower | 100 | |
| Keep | 1 | |
| Town Hall | 1 | |
| Arcane Sanctum | 1 | |
| Castle | 1 | |
| Arcane Vault | 3 | |
| Gryphon Aviary | 1 | |
| Barracks | 1 | |
| Blacksmith | 1 | |
327 total
» build order
00:04 Altar of Kings
00:19 Farm
00:52 Farm
01:16 Lumber Mill
01:21 Scout Tower
01:25 Scout Tower
01:35 Farm
01:47 Arcane Tower
01:52 Scout Tower
02:01 Arcane Tower
02:02 Scout Tower
02:15 Scout Tower
02:18 Scout Tower
02:21 Guard Tower
02:31 Guard Tower
02:31 Guard Tower
02:57 Guard Tower
02:58 Scout Tower
03:04 Scout Tower
03:28 Guard Tower
03:29 Scout Tower
03:31 Guard Tower
03:33 Scout Tower
03:35 Arcane Tower
03:55 Scout Tower
04:21 Guard Tower
04:23 Guard Tower
04:24 Scout Tower
04:33 Keep
04:37 Guard Tower
04:38 Scout Tower
06:08 Farm
06:21 Scout Tower
06:22 Scout Tower
06:22 Guard Tower
06:24 Scout Tower
06:25 Scout Tower
06:26 Guard Tower
06:42 Town Hall
06:47 Scout Tower
06:50 Scout Tower
06:53 Guard Tower
06:59 Guard Tower
07:01 Scout Tower
07:01 Scout Tower
07:05 Arcane Sanctum
07:21 Guard Tower
07:29 Scout Tower
07:56 Castle
07:59 Guard Tower
08:00 Guard Tower
08:02 Scout Tower
08:02 Scout Tower
08:47 Guard Tower
08:48 Scout Tower
08:50 Scout Tower
08:55 Guard Tower
08:56 Scout Tower
08:57 Scout Tower
09:02 Scout Tower
09:16 Guard Tower
09:17 Scout Tower
09:18 Guard Tower
09:21 Scout Tower
09:27 Scout Tower
09:32 Guard Tower
09:36 Scout Tower
09:36 Scout Tower
09:38 Guard Tower
09:40 Scout Tower
10:23 Guard Tower
10:25 Scout Tower
10:27 Guard Tower
10:29 Scout Tower
10:29 Scout Tower
10:35 Scout Tower
10:36 Scout Tower
10:37 Guard Tower
10:49 Scout Tower
11:38 Guard Tower
11:44 Scout Tower
11:46 Scout Tower
12:22 Arcane Tower
12:23 Arcane Tower
13:01 Guard Tower
13:03 Scout Tower
13:04 Scout Tower
13:09 Scout Tower
13:20 Scout Tower
13:22 Scout Tower
13:28 Scout Tower
13:29 Scout Tower
14:35 Guard Tower
14:37 Scout Tower
14:41 Scout Tower
14:43 Guard Tower
14:45 Scout Tower
14:46 Scout Tower
14:49 Scout Tower
15:04 Arcane Vault
15:06 Arcane Vault
15:10 Guard Tower
15:34 Guard Tower
15:36 Scout Tower
15:37 Scout Tower
15:37 Scout Tower
15:50 Scout Tower
15:52 Scout Tower
16:21 Guard Tower
16:23 Scout Tower
16:24 Scout Tower
16:30 Guard Tower
16:34 Scout Tower
16:36 Scout Tower
16:37 Scout Tower
16:38 Scout Tower
16:39 Scout Tower
16:40 Scout Tower
16:41 Scout Tower
16:47 Guard Tower
17:15 Guard Tower
17:21 Scout Tower
17:21 Scout Tower
17:25 Scout Tower
17:28 Arcane Vault
17:35 Guard Tower
17:37 Scout Tower
18:12 Guard Tower
18:24 Guard Tower
18:26 Scout Tower
18:27 Scout Tower
19:15 Guard Tower
19:22 Guard Tower
19:24 Scout Tower
19:25 Scout Tower
19:26 Scout Tower
19:27 Scout Tower
19:30 Scout Tower
19:31 Scout Tower
20:03 Scout Tower
20:04 Guard Tower
20:08 Guard Tower
20:10 Scout Tower
20:11 Scout Tower
20:12 Scout Tower
20:13 Scout Tower
20:29 Arcane Tower
20:29 Guard Tower
20:31 Scout Tower
20:32 Scout Tower
20:48 Guard Tower
20:57 Scout Tower
20:57 Scout Tower
21:02 Guard Tower
21:06 Gryphon Aviary
21:08 Barracks
21:09 Blacksmith
21:29 Guard Tower
21:54 Guard Tower
21:58 Scout Tower
22:01 Scout Tower
22:22 Guard Tower
22:26 Scout Tower
22:34 Scout Tower
22:35 Scout Tower
22:36 Scout Tower
22:47 Arcane Tower
23:09 Guard Tower
23:12 Arcane Tower
23:43 Guard Tower
23:44 Guard Tower
24:44 Farm
24:45 Farm
24:46 Farm
26:17 Scout Tower
26:17 Scout Tower
26:21 Scout Tower
26:22 Scout Tower
26:29 Scout Tower
26:30 Scout Tower
26:30 Scout Tower
26:31 Scout Tower
26:32 Scout Tower
26:32 Scout Tower
27:15 Guard Tower
27:34 Guard Tower
27:42 Scout Tower
27:43 Scout Tower
28:01 Scout Tower
28:04 Guard Tower
28:05 Scout Tower
28:19 Scout Tower
28:21 Guard Tower
28:22 Scout Tower
28:23 Guard Tower
28:39 Guard Tower
28:42 Guard Tower
28:45 Scout Tower
28:45 Guard Tower
28:53 Scout Tower
28:54 Scout Tower
28:55 Guard Tower
28:58 Scout Tower
29:04 Guard Tower
29:07 Scout Tower
29:07 Scout Tower
29:08 Guard Tower
29:19 Guard Tower
29:29 Guard Tower
29:49 Guard Tower
30:11 Guard Tower
32:36 Scout Tower
32:37 Scout Tower
33:00 Scout Tower
33:01 Scout Tower
33:34 Guard Tower
33:36 Guard Tower
33:42 Scout Tower
33:55 Scout Tower
33:57 Scout Tower
33:58 Guard Tower
34:15 Guard Tower
34:27 Scout Tower
34:32 Scout Tower
34:33 Scout Tower
34:38 Scout Tower
34:39 Scout Tower
34:53 Guard Tower
34:56 Scout Tower
34:58 Scout Tower
35:01 Scout Tower
35:01 Scout Tower
36:31 Lumber Mill
36:33 Scout Tower
36:35 Scout Tower
36:36 Scout Tower
36:38 Arcane Tower
36:40 Arcane Tower
37:33 Scout Tower
37:37 Scout Tower
37:39 Scout Tower
37:41 Guard Tower
37:43 Guard Tower
37:48 Scout Tower
37:49 Scout Tower
37:52 Scout Tower
37:53 Scout Tower
37:54 Scout Tower
37:56 Scout Tower
38:07 Guard Tower
38:25 Guard Tower
38:33 Guard Tower
38:49 Guard Tower
39:33 Guard Tower
39:35 Scout Tower
39:41 Guard Tower
39:48 Scout Tower
39:57 Scout Tower
39:58 Scout Tower
40:05 Guard Tower
40:32 Guard Tower
40:37 Scout Tower
40:42 Scout Tower
40:43 Scout Tower
40:48 Scout Tower
41:01 Arcane Tower
41:08 Arcane Tower
41:24 Guard Tower
41:43 Guard Tower
41:51 Arcane Tower
42:06 Guard Tower
42:20 Scout Tower
42:23 Scout Tower
42:27 Scout Tower
42:29 Scout Tower
42:36 Scout Tower
42:37 Scout Tower
42:59 Guard Tower
43:01 Arcane Tower
43:12 Guard Tower
43:56 Scout Tower
44:03 Guard Tower
44:05 Scout Tower
44:09 Scout Tower
44:10 Scout Tower
44:12 Scout Tower
44:29 Guard Tower
44:32 Guard Tower
44:36 Guard Tower
44:44 Scout Tower
44:49 Scout Tower
45:10 Guard Tower
45:18 Guard Tower
45:37 Guard Tower
45:44 Guard Tower
45:49 Scout Tower
45:53 Scout Tower
45:54 Scout Tower
46:11 Scout Tower
46:17 Scout Tower
46:21 Arcane Tower
46:44 Guard Tower
46:45 Guard Tower
46:55 Scout Tower
46:57 Scout Tower
47:10 Guard Tower
47:23 Arcane Tower
47:47 Guard Tower
123:55 Altar of Kings
124:04 Scout Tower
124:06 Scout Tower
124:18 Scout Tower
124:22 Scout Tower
124:27 Farm
124:30 Farm
124:41 Farm
124:43 Farm
124:46 Farm
124:52 Farm
125:03 Arcane Tower
125:28 Arcane Tower
126:36 Arcane Tower
126:58 Farm
127:03 Farm
129:05 Farm
» items
| Healing Salve | 1 | |
| Orb of Lightning | 1 | |
| Staff of Sanctuary | 3 | |
| Boots of Speed | 2 | |
| Staff of Teleportation | 2 | |
| Orb of Venom | 1 | |
10 total
TIMG4STROK (
blue | 37 APM | 5934 actions | 159:54)
7 Blademaster
2 Wind Walk
3 Critical Strike
1 Bladestorm
1 Mirror Image
» actions
| Assign group hotkey | 36 | |
| Basic commands | 50 | |
| Build / train | 84 | |
| ESC pressed | 8 | |
| Enter build submenu | 24 | |
| Enter hero's abilities submenu | 7 | |
| Give item / drop item | 6 | |
| Remove unit from queue | 4 | |
| Right click | 3735 | |
| Select / deselect | 600 | |
| Select group hotkey | 1022 | |
| Use ability | 358 | |
5934 total
» units
| Peon | 16 | |
| Kodo Beast | 2 | |
| Spirit Walker | 2 | |
| Troll Batrider | 14 | |
| Shaman | 1 | |
| Troll Witch Doctor | 1 | |
| Wind Rider | 3 | |
39 total
» upgrades
| Spirit Walker Training | 3 | |
| Liquid Fire | 1 | |
| Ranged Weapons | 3 | |
| Armor | 2 | |
| Shaman Training | 2 | |
| Witch Doctor Training | 2 | |
| Envenomed Spears | 1 | |
14 total
» buildings
| Altar of Storms | 2 | |
| Orc Burrow | 12 | |
| Voodoo Lounge | 1 | |
| Stronghold | 3 | |
| Beastiary | 4 | |
| Spirit Lodge | 1 | |
| War Mill | 1 | |
| Fortress | 2 | |
| Great Hall | 1 | |
27 total
» build order
00:05 Altar of Storms
00:13 Orc Burrow
00:48 Voodoo Lounge
02:03 Stronghold
02:04 Stronghold
02:27 Orc Burrow
04:25 Beastiary
04:26 Spirit Lodge
04:29 War Mill
04:31 Beastiary
04:45 Orc Burrow
07:26 Fortress
10:28 Beastiary
10:30 Beastiary
10:37 Orc Burrow
10:39 Altar of Storms
13:16 Great Hall
13:30 Orc Burrow
13:50 Orc Burrow
13:51 Orc Burrow
15:46 Orc Burrow
21:07 Stronghold
24:12 Fortress
30:18 Orc Burrow
30:18 Orc Burrow
30:22 Orc Burrow
36:19 Orc Burrow
» items
| Healing Salve | 2 | |
| Lesser Clarity Potion | 4 | |
| Staff of Teleportation | 2 | |
| Boots of Speed | 2 | |
| Orb of Lightning | 1 | |
| Scroll of Regeneration | 1 | |
| Scroll of Town Portal | 1 | |
13 total
Chat log
(10:38 / All) NvP.BornToKiLL: G
(10:39 / All) NvP.BornToKiLL: GG
(22:51 / All) NvP.showtime: guys
(22:54 / All) NvP.showtime: are you on weeed?
(24:36 / All) Birdeneering: thanks for the win, btw
(24:41 / All) NvP.showtime: xD
(24:46 / All) NvP.BornToKiLL: you sure
(24:46 / All) NvP.BornToKiLL: you win
(24:48 / All) Birdeneering: most gracious
(24:49 / All) NvP.BornToKiLL: ?
(24:50 / All) Birdeneering: yeah I'm sure
(24:53 / All) NvP.BornToKiLL: good
(24:56 / All) Birdeneering: since the moment I saw your noob micro
(25:03 / All) NvP.BornToKiLL: kk
(32:54 / All) Birdeneering: lucker noobs
(32:58 / All) NvP.showtime: ?
(33:03 / All) Birdeneering: you got lucky
(33:07 / All) NvP.BornToKiLL: no
(33:07 / All) Birdeneering: with runby
(33:09 / All) NvP.BornToKiLL: we just pros
(33:15 / All) NvP.showtime: we were smart
(35:12 / All) NvP.showtime: =9
(35:17 / All) Birdeneering: fu
(35:18 / All) Birdeneering: only luck
(36:55 / All) TIMG4STROK: scaredy pussye
(37:00 / All) Birdeneering: only attack from afar??
(37:09 / All) NvP.showtime: towers kill
(37:10 / All) NvP.showtime: =)
(37:14 / All) AlasPoorYorick: battle is the only outcome
(37:28 / All) TIMG4STROK: so frightene
(37:58 / All) TIMG4STROK: fuckin p[ussy
(38:14 / All) TIMG4STROK: fuck u lucker hack fAGS
(38:30 / All) NvP.showtime: guys
(38:33 / All) NvP.showtime: make new accs
(38:37 / All) NvP.showtime: and save some time
(38:42 / All) Birdeneering: no fu
(40:12 / All) TIMG4STROK: fuck u
(40:16 / All) TIMG4STROK: u never find my LAst Tree
(40:31 / All) NvP.BornToKiLL: you sure
(40:32 / All) NvP.BornToKiLL: ?
(40:34 / All) NvP.BornToKiLL: like
(40:37 / All) NvP.BornToKiLL: that we lost
(40:37 / All) NvP.BornToKiLL: ?
(40:41 / All) TIMG4STROK: fuck u
(40:47 / All) AlasPoorYorick: battle is the only outcome
(40:51 / All) TIMG4STROK: so scared to fight in tower
(41:19 / All) Birdeneering: welcome to highperch
(42:41 / All) AlasPoorYorick: so much for subtlety
(45:59 / All) AlasPoorYorick: battle is the only outcome
(46:23 / All) AlasPoorYorick: you deny the darkness in your soul
(49:01 / All) TIMG4STROK: how do you feel about hacking in an 11 year old game and still losing
(49:11 / All) NvP.BornToKiLL: we dont losing
(49:14 / All) Birdeneering: you lost
(49:16 / All) AlasPoorYorick: you lost
(49:17 / Allies) Birdeneering: at load screen
(49:17 / All) AlasPoorYorick: lmao
(49:17 / All) Birdeneering: gg
(49:33 / All) TIMG4STROK: http://highper.ch for one million replays of retards saying "we didn't lose"
(49:38 / All) Birdeneering: As soon as I saw your noob names on load screen I knew this would be another one
(49:50 / All) Birdeneering: they all think they're winning... http://www.highper.ch proves they're wrong
(49:55 / All) TIMG4STROK: alright boys put on the coffee we got some
(50:00 / All) TIMG4STROK: Noobs In Denial tonight
(50:06 / All) AlasPoorYorick: *sips*
(50:08 / All) AlasPoorYorick: ahhhhhh
(50:15 / All) NvP.showtime: i go afk
(50:17 / All) TIMG4STROK: i got your noobs right here...heh heh heh
(50:31 / All) NvP.showtime: watch World War Z
(50:52 / All) TIMG4STROK: is this all you guys have
(50:55 / All) TIMG4STROK: really
(51:17 / All) TIMG4STROK: can you at least take the 40 gold from bottom and unsummon undead main
(51:21 / All) TIMG4STROK: make an effort please
(51:48 / All) TIMG4STROK: why didn't you kill this when you saw it with maphack
(51:52 / All) TIMG4STROK: was your pride too muchb
(52:11 / All) TIMG4STROK: "look at these idiots trying to hide up there!" followed shortly by "oops"
(52:14 / All) Birdeneering: now you lose a 1-12 hour game
(52:17 / All) Goosang.ReFree: One question.. Do you have a reallife
(52:19 / All) Birdeneering: depending on how long you want to enjoy it
(52:26 / All) TIMG4STROK: my real life is owning noobs like U
(52:31 / All) Birdeneering: it's way too real
(52:34 / All) AlasPoorYorick: my reallife is spent in battle
(52:36 / All) Birdeneering: the realest
(52:38 / All) TIMG4STROK: i wake up every day and own 1+ noob
(52:50 / All) AlasPoorYorick: battle is the only outcome
(52:55 / All) Goosang.ReFree: Thats great for you
(53:03 / All) TIMG4STROK: good job unsummoning
(53:05 / All) TIMG4STROK: wait a second
(53:07 / All) AlasPoorYorick: ReFreeWin
(53:12 / All) TIMG4STROK: too bad you let one bat kill entire night elf base
(53:14 / All) AlasPoorYorick: ReFreeGerAtor
(53:17 / All) TIMG4STROK: if only you had chim production available
(53:41 / All) TIMG4STROK: "why did you let that one bat kill everything anders!!"
(53:52 / All) TIMG4STROK: "shut up stefan U let it happen too..."
(53:55 / All) NvP.showtime: lol
(53:58 / All) NvP.showtime: from?
(54:08 / All) AlasPoorYorick: alabama
(54:15 / All) TIMG4STROK: #1 country in the world for the past 237 years b!tch take a guess
(54:39 / All) Birdeneering: an eerie mist clouds these lands
(54:40 / All) TIMG4STROK: we own you in world war 1 we own you in world war 2 we own you in (6)Highperch.w3x
(54:57 / All) AlasPoorYorick: the "fog of war"
(55:16 / All) Goosang.ReFree: Oreo
(55:21 / All) Birdeneering: the ol "burrowed fiend" trick, we first saw that back in O4 I reckon
(55:22 / All) TIMG4STROK: i hope orange got out of upkeep before you sent him gold
(55:25 / All) Birdeneering: guess what happened to those guys
(55:27 / All) Birdeneering: yeah they lost too
(55:29 / All) TIMG4STROK: and sold items
(55:37 / All) TIMG4STROK: do you guys even understand how this game works
(55:52 / All) AlasPoorYorick: i want it all, all the cash
(55:53 / All) TIMG4STROK: gold mined is in our favor so hard because you have no brain...typical european
(55:53 / All) NvP.showtime: are you having a good time on your lan boys?
(55:54 / All) Birdeneering: How are those peons and tauren working out for thee
(56:08 / All) TIMG4STROK: American Innovators Beat You Again
(56:11 / All) Birdeneering: we are having a splendid time as usual, www.highper.ch be my gu ide
(56:26 / All) NvP.showtime: have you seen "the purge?"
(56:33 / All) TIMG4STROK: there's still 40 gold in bottom mine
(56:43 / All) NvP.showtime: one of you most be the main character
(56:45 / All) TIMG4STROK: there's still creep camps to be crept
(56:48 / All) TIMG4STROK: what the fuck is wrong with you
(56:53 / All) NvP.showtime: sick as fuck )(
(57:01 / All) TIMG4STROK: do you just download a game and a hack together without trying to understand how to play it
(57:02 / All) Birdeneering: you may use the technique of "long distance mining" invented by clan towa 2003
(57:16 / All) AlasPoorYorick: on the 6th of june, western europe
(57:22 / All) Birdeneering: patend still pending (fucking paper jockeys...)
(57:22 / All) TIMG4STROK: "let's play this old warcraft 3 game from before we were born"
(57:29 / All) TIMG4STROK: "but i don't know how to play it!!"
(57:40 / All) TIMG4STROK: "dont worry neither do i but my friend showed me where to download a hack for it"
(57:54 / All) TIMG4STROK: let me know if this is close to what actually happened
(58:13 / All) Birdeneering: so where does such a piddly little bundle of newblets hail from
(58:23 / All) Birdeneering: poland?
(58:31 / All) NvP.showtime: NYC
(58:31 / All) TIMG4STROK: yuck !
(58:37 / All) TIMG4STROK: hey me too let's meet up
(58:46 / All) Birdeneering: NYC meetup let's do this
(58:48 / All) TIMG4STROK: im in queens but i can go anywhere
(59:02 / All) NvP.showtime: im at Red Rooster from 9PM
(59:06 / All) Birdeneering: (it's a free country that's why)
(59:09 / All) TIMG4STROK: maybe i can teach you how to play irl
(59:25 / All) NvP.showtime: yea please do so sir.
(60:00 / All) AlasPoorYorick: Anaya Felgrove: "Have you reached a verdict"
(60:10 / All) AlasPoorYorick: I find you guilty on the charge of being a shitnoob
(60:25 / All) NvP.showtime: guys, we understand
(60:26 / All) Birdeneering: watcha do at the RedRoost
(60:32 / All) Birdeneering: do you
(60:38 / All) NvP.showtime: ur statements is so smart
(60:40 / All) Birdeneering: do you understand you lost the moment this game started
(60:47 / All) NvP.showtime: food and drinks
(60:52 / All) TIMG4STROK: every second you spend in this game reaffirms how Bad & Dumb you are
(60:54 / All) Birdeneering: and your defeat grows more humiliating by the second
(60:59 / All) Birdeneering: tick... tock...
(61:27 / All) TIMG4STROK: there are still creeps on the map
(61:35 / All) NvP.BornToKiLL: thats you
(61:36 / All) TIMG4STROK: come on
(61:40 / All) TIMG4STROK: are you even trying??
(62:09 / All) TIMG4STROK: top right of the map please that's gotta be close to 100 gold when you sell item
(63:51 / All) AlasPoorYorick: BornToWasteTime
(63:58 / All) Birdeneering: and make taurens, for some reason
(63:59 / All) NvP.BornToKiLL: y
(64:00 / All) Birdeneering: Play of the game
(64:19 / All) Goosang.ReFree: Born to waste your own time :)
(64:38 / All) Birdeneering: i do not think you understand
(64:40 / All) Birdeneering: the high perch
(64:51 / All) Birdeneering: perhaps peruse our website (www.highper.ch) to find out
(65:09 / All) TIMG4STROK: http://highper.ch for replays of one hundred thousand retards reciting line for line the same chat as you
(65:13 / All) Goosang.ReFree: Check NoBrain.dk
(65:39 / All) Goosang.ReFree: That chat will be a great success in your life
(65:47 / All) Goosang.ReFree: maybe one of your greatest =)
(65:53 / All) Birdeneering: we have so many though
(65:59 / All) Birdeneering: this game was pretty unremarkable
(66:03 / All) Birdeneering: a great time, for sure
(66:07 / All) Birdeneering: but nothing special
(66:09 / All) TIMG4STROK: i mean noobs in denial is a dime a dozen
(66:12 / All) Birdeneering: very easy, very short
(67:11 / All) Goosang.ReFree: What are you going to do tomorrow?
(67:21 / All) TIMG4STROK: wake up late drink beers & watch football
(67:29 / All) Birdeneering: I'll work a bit
(67:31 / All) Birdeneering: clock some hours
(67:33 / All) Goosang.ReFree: which game?
(67:34 / All) TIMG4STROK: somewhere inbetween i hope to check on this game
(67:37 / All) NvP.showtime: work on Sundays?
(67:44 / All) NvP.showtime: lol your work is shit
(67:44 / All) Birdeneering: work whenever
(67:49 / All) Birdeneering: independent contractor
(67:57 / All) NvP.BornToKiLL: nice game
(67:58 / All) NvP.BornToKiLL: realy
(68:01 / All) Birdeneering: thx
(68:02 / All) TIMG4STROK: was it
(68:08 / All) NvP.BornToKiLL: i see
(68:09 / All) Birdeneering: I mean we did our part
(68:10 / All) NvP.BornToKiLL: this first
(68:11 / All) NvP.showtime: i play poker for living.
(68:13 / All) NvP.showtime: 1 hour per dya
(68:14 / All) NvP.BornToKiLL: time in my life
(68:23 / All) NvP.showtime: is enough
(68:23 / All) NvP.BornToKiLL: gj
(68:24 / All) TIMG4STROK: i hope you're better at poker than you are at this game
(68:24 / All) NvP.BornToKiLL: realy
(68:27 / All) Birdeneering: Mwahaha
(68:29 / All) NvP.showtime: yea of course
(68:33 / All) NvP.BornToKiLL: what
(68:36 / All) NvP.BornToKiLL: is your real akk?
(68:38 / All) NvP.showtime: wanna heads up at pokerstars?
(68:40 / All) Birdeneering: it would be way more convincing if you came up with better lies
(68:47 / All) TIMG4STROK: i mean at the same time i think it's actually impossible to be worse
(68:53 / All) Goosang.ReFree: well it´s still enough skill to Beat you guys =)
(69:05 / All) TIMG4STROK: nice apostrophe
(69:08 / All) NvP.BornToKiLL: hmm
(69:08 / All) TIMG4STROK: euro detected
(69:11 / All) NvP.BornToKiLL: i can call misha
(69:12 / All) NvP.showtime: u guys are real pros
(69:13 / All) NvP.BornToKiLL: to give us win
(69:13 / All) NvP.showtime: :)
(69:16 / All) NvP.BornToKiLL: ?
(69:26 / All) NvP.showtime: im from EU, wut live in NYC
(69:27 / All) NvP.BornToKiLL: showtime?
(69:29 / All) NvP.BornToKiLL: k?
(69:33 / All) NvP.BornToKiLL: sec
(69:35 / All) Birdeneering: Probably got an office right by the janitorial equipment
(69:37 / All) Birdeneering: almost as cushy as being a fake poker pro
(69:39 / All) TIMG4STROK: my pizza is here
(69:41 / All) TIMG4STROK: thx
(69:51 / All) NvP.showtime: Dominos?
(70:01 / All) TIMG4STROK: fuck u i only order the best pizza pizza hut
(70:07 / All) NvP.showtime: lolo
(70:13 / All) NvP.showtime: pizza hut
(70:24 / All) Goosang.ReFree: how does it feel to order a pizza at this time?
(70:36 / All) TIMG4STROK: saturday night, what a weird time to order a pizza
(70:45 / All) TIMG4STROK: i called them up and they said why are you even ordering now
(70:52 / All) Birdeneering: this is crazy
(71:00 / All) Birdeneering: come back tuesday morning like honest folk
(71:20 / All) NvP.showtime: so, who were from NYC?
(71:28 / All) TIMG4STROK: let's meet
(71:30 / All) Birdeneering: when the pretend poker players get off work
(71:34 / All) NvP.BornToKiLL: hey
(71:35 / All) NvP.BornToKiLL: ugls
(71:38 / All) NvP.BornToKiLL: i wanna
(71:40 / All) NvP.BornToKiLL: send you picture
(71:42 / All) NvP.BornToKiLL: of me
(71:46 / All) NvP.BornToKiLL: give me someone your skype
(71:49 / All) TIMG4STROK: 151-74 22 ave whitestone lets have a good time
(72:06 / All) NvP.BornToKiLL: hey
(72:12 / All) NvP.BornToKiLL: i wanna send you picture of me
(72:16 / All) Birdeneering: link it up!
(72:34 / All) Goosang.ReFree: Are you real men?
(72:35 / All) TIMG4STROK: what retard uses skype in 2013
(72:39 / All) TIMG4STROK: are you a grandmother
(72:56 / All) Goosang.ReFree: are you afraid of speaking with people?
(72:57 / All) TIMG4STROK: hi grandma im owning u in highperch.
(73:26 / All) Birdeneering: just link it up
(73:28 / All) TIMG4STROK: Grandma Get Off Warcraft !!!
(73:29 / All) Birdeneering: Let's see that pic
(73:38 / All) NvP.showtime: TIMG
(73:45 / All) NvP.showtime: your name?
(73:50 / All) NvP.showtime: i need friends at facebook
(74:00 / All) TIMG4STROK: Tim Gastrok
(74:06 / All) TIMG4STROK: can you even read
(74:12 / All) TIMG4STROK: do they teach you this in school in europe
(74:14 / All) NvP.showtime: guess so
(74:26 / All) Birdeneering: Tyler kerr , toronto canada
(74:27 / All) Birdeneering: add
(74:40 / All) NvP.BornToKiLL: you nice
(74:41 / All) NvP.BornToKiLL: people
(74:44 / All) Birdeneering: we are
(74:46 / All) TIMG4STROK: thx
(74:47 / All) NvP.BornToKiLL: )
(74:51 / All) Birdeneering: hit us up on the FB
(74:54 / All) TIMG4STROK: theres still creep camp in top right
(74:57 / All) TIMG4STROK: kill it for gold please.
(74:58 / All) Birdeneering: (that's what the kids call it)
(75:05 / All) NvP.showtime: the kid without profile picture
(75:09 / All) NvP.showtime: GJ
(75:17 / All) Birdeneering: what ur name let me add thee
(75:20 / All) TIMG4STROK: trap sprung
(75:21 / All) Birdeneering: so we can chat
(75:26 / All) TIMG4STROK: look at this retard who uses facebook in 2013
(75:31 / All) NvP.showtime: lol
(75:36 / All) NvP.showtime: is a good comunity
(75:37 / All) Birdeneering: get on the zoone train grandma
(75:42 / All) TIMG4STROK: hold on let me link you to my livejournal
(75:49 / All) Birdeneering: you can talk to fake poker players and real warcraft noobs
(75:52 / All) TIMG4STROK: i have my own webpage on the world wide web
(76:13 / All) Birdeneering: but srsly add Tyler Kerr toronto canada let
(76:17 / All) Birdeneering: s share our lives
(76:35 / All) NvP.BornToKiLL: cmon
(76:36 / All) NvP.BornToKiLL: people
(76:37 / All) NvP.BornToKiLL: lets ddo
(76:38 / All) Birdeneering: talk about your latest bat beats
(76:41 / All) NvP.BornToKiLL: something
(76:45 / All) NvP.BornToKiLL: some little game
(76:47 / All) NvP.BornToKiLL: who win
(76:49 / All) NvP.BornToKiLL: win the game
(76:49 / All) Birdeneering: we won
(76:51 / All) Birdeneering: gg
(76:56 / All) Birdeneering: highper.ch
(76:56 / All) NvP.BornToKiLL: come
(76:57 / All) NvP.BornToKiLL: fight
(77:03 / All) NvP.BornToKiLL: if you think
(77:04 / All) NvP.BornToKiLL: you win
(77:06 / All) NvP.showtime: Tyler Kerr
(77:08 / All) NvP.showtime: common name :)
(78:19 / All) Birdeneering: tyler kerr toronto canada not that many!
(78:22 / All) Goosang.ReFree: do you have enough manners to fight
(78:24 / All) NvP.showtime: shit Zodiac is a great move
(79:07 / All) TIMG4STROK: im stuck up here & i cant get down
(79:15 / All) TIMG4STROK: you have to come up to fight me ?_?
(79:24 / All) NvP.BornToKiLL: lol
(79:26 / All) NvP.BornToKiLL: you can come
(79:27 / All) NvP.BornToKiLL: down
(79:30 / All) NvP.BornToKiLL: ...
(79:32 / All) TIMG4STROK: how
(79:33 / All) NvP.BornToKiLL: warden use blink
(79:35 / All) NvP.BornToKiLL: you tp
(79:36 / All) TIMG4STROK: please explain...
(79:36 / All) NvP.BornToKiLL: on him
(79:41 / All) TIMG4STROK: i don't understand
(79:48 / All) NvP.BornToKiLL: warden
(79:49 / All) NvP.BornToKiLL: blink
(79:50 / All) NvP.BornToKiLL: down
(79:53 / All) Goosang.ReFree: well yes its not that easy
(79:54 / All) TIMG4STROK: blink what
(79:57 / All) NvP.BornToKiLL: staff of teleportation
(80:01 / All) TIMG4STROK: you're using too many words
(80:05 / All) NvP.BornToKiLL: look
(80:06 / All) NvP.BornToKiLL: warden
(80:09 / All) NvP.BornToKiLL: ne hero
(80:10 / All) TIMG4STROK: stop
(80:12 / All) TIMG4STROK: one word
(80:13 / All) TIMG4STROK: pelase
(80:15 / All) TIMG4STROK: first word: ???
(80:15 / All) NvP.BornToKiLL: k
(80:17 / All) NvP.BornToKiLL: warden
(80:23 / All) TIMG4STROK: i dont get it
(80:29 / All) NvP.BornToKiLL: elf
(80:30 / All) NvP.BornToKiLL: hero
(80:34 / All) TIMG4STROK: but im orc
(80:35 / All) TIMG4STROK: ?
(80:38 / All) NvP.BornToKiLL: but
(80:38 / All) NvP.BornToKiLL: tell
(80:40 / All) NvP.BornToKiLL: warden
(80:41 / All) NvP.BornToKiLL: to blink
(80:41 / All) Birdeneering: understand we don't have hacks like you
(80:44 / All) Birdeneering: can't control other units
(80:45 / All) TIMG4STROK: i have spirit walker? walker is close to warden i think
(80:53 / All) TIMG4STROK: do you mean use spirit walker
(80:56 / All) NvP.BornToKiLL: NO
(80:57 / All) TIMG4STROK: ok what do i do now
(81:02 / All) NvP.BornToKiLL: use warden
(81:04 / All) NvP.BornToKiLL: magic
(81:07 / All) NvP.BornToKiLL: blink down
(81:07 / All) TIMG4STROK: what skill
(81:11 / All) TIMG4STROK: do i make him turn ethereal
(81:38 / All) TIMG4STROK: help
(82:02 / All) TIMG4STROK: maybe i can cast spirit link on flying unit and then fly and it brings me ? is this what you say
(82:14 / All) NvP.BornToKiLL: .!.
(83:31 / All) NvP.showtime: =)
(83:37 / All) NvP.showtime: hu towers are to good
(83:40 / All) TIMG4STROK: im stuck and i cant get down
(83:41 / All) NvP.showtime: serious
(83:44 / All) Birdeneering: what are you even talking about
(83:57 / All) TIMG4STROK: did you miss the patch 4 years ago where they got nerfed into oblivion
(84:06 / All) TIMG4STROK: or is this your first time playing this game??
(84:06 / All) Birdeneering: how can you hack and play against a joke strat then claim imbalance
(84:11 / All) Birdeneering: what pretend world do you live in
(84:17 / All) Birdeneering: one where you're a pro poker player
(84:30 / All) NvP.showtime: i just said there to good
(84:31 / All) TIMG4STROK: Im So Good At Poker I Only Play One Hour A Day
(84:42 / All) Birdeneering: My Friend Is An Admin For WC3
(84:50 / All) TIMG4STROK: where is that guy anyway
(84:51 / All) Birdeneering: Blizzard Employs An Admin For WC3
(84:52 / All) TIMG4STROK: is he coming
(85:08 / All) Birdeneering: Blizzard Pays Real Money For Someone To Care About WC3
(85:09 / All) TIMG4STROK: do you guys have dischack too
(85:20 / All) TIMG4STROK: tell me dischack came with maphack/frozen throne bundle
(85:22 / All) Birdeneering: Money As Real As The Money I Make At Poker
(85:32 / All) NvP.showtime: no play money
(85:34 / All) NvP.showtime: =)
(85:47 / All) Birdeneering: yeah no money at all
(87:34 / All) Birdeneering: greetz to all fans at the per.ch
(88:16 / All) TIMG4STROK: welcome to hour 2 of shitnoob europeans pretending to live in usa, amongst other things
(88:28 / All) TIMG4STROK: check my stream i get at least 3 people watching
(88:32 / All) TIMG4STROK: owned.....
(88:38 / All) NvP.BornToKiLL: .!.
(88:54 / All) Goosang.ReFree: well 3 people, you and your allys? :=
(89:01 / All) TIMG4STROK: AT LEAST
(89:05 / All) TIMG4STROK: do you know what that means
(89:08 / All) Birdeneering: no sorry, berg's working out or something
(89:11 / All) Birdeneering: he'll be back soon enough
(89:32 / All) NvP.BornToKiLL: you stream?
(89:33 / All) Goosang.ReFree: Yes so you have one real viewer?
(89:43 / All) Birdeneering: streams as well as ownage reeps may be found on www.highper.ch
(90:12 / All) Goosang.ReFree: Who knows, maybe your website is a Virus :o
(90:22 / All) Goosang.ReFree: Thats possible
(90:33 / All) Birdeneering: yes if you're on IE6
(90:47 / All) Birdeneering: but I'm not ruling out that you are
(90:50 / All) Goosang.ReFree: i am on ie6
(92:39 / All) TIMG4STROK: look at this guy, he spends all of his time watching his minimap as i tab out for tens of minutes at a time
(93:15 / All) TIMG4STROK: why not make your final stand in orc base
(93:24 / All) TIMG4STROK: i dont get it
(93:47 / All) Goosang.ReFree: its cooler to stand here
(93:58 / All) TIMG4STROK: you're very 'cool'
(93:59 / All) Goosang.ReFree: everything more up then this is gay
(94:11 / All) TIMG4STROK: than**
(94:13 / All) Goosang.ReFree: very gay
(94:20 / All) Goosang.ReFree: than this :)
(94:23 / All) Birdeneering: u homophobic or something child
(94:27 / All) TIMG4STROK: wheres you war3 dad
(94:30 / All) TIMG4STROK: you guys never answered
(94:50 / All) Goosang.ReFree: i study at the HSG St.Gallen
(95:02 / All) Birdeneering: he might be too busy counting poker earnings
(95:06 / All) Goosang.ReFree: i graduate my bachelor there this year
(95:09 / All) Birdeneering: in his NYC apt
(95:27 / All) Goosang.ReFree: and now im on LSE London
(96:31 / All) Birdeneering: what you study
(96:49 / All) Birdeneering: at all these fine establishments
(96:57 / All) Birdeneering: home of the .ch
(97:01 / All) Birdeneering: much like highper.ch
(97:42 / All) NvP.showtime: someone of you Juliusz?
(98:13 / All) NvP.showtime: guys
(98:19 / All) Birdeneering: no we aint got no juliusz
(98:25 / All) Birdeneering: Only shanes and tylers and sverres
(98:32 / All) Birdeneering: bergs and tandois
(98:47 / All) TIMG4STROK: U can never kill me
(98:58 / All) NvP.showtime: juliusz gonera
(99:01 / All) NvP.showtime: =)
(99:42 / All) NvP.showtime: admin@highper.ch
(99:43 / All) NvP.showtime: =)
(99:53 / All) Birdeneering: contact us re complaints or suggestions
(99:54 / All) TIMG4STROK: that's me. shoot me an email if you wanna talk about this game
(100:04 / All) NvP.showtime: checked ur homepage
(100:05 / All) Birdeneering: you can also win this game, if you like
(100:07 / All) NvP.showtime: lots of reps ;)
(100:12 / All) Birdeneering: years and years
(100:21 / All) Birdeneering: of good times, laughs and some staffs
(101:05 / All) Birdeneering: one link in particular you might find interesting is highper.ch/win
(101:13 / All) Birdeneering: could prove useful at times like these
(102:02 / All) NvP.BornToKiLL: my ally
(102:04 / All) NvP.BornToKiLL: go sleep
(102:05 / All) NvP.BornToKiLL: :D
(102:05 / All) Goosang.ReFree: Bras i will go to bed now and sleep
(102:10 / All) Goosang.ReFree: this game is not my reallife
(102:11 / All) Birdeneering: enjoy!!
(102:30 / All) Goosang.ReFree: Thank you man!
(102:38 / All) Birdeneering: lose this game for as long as you'd like
(102:44 / All) NvP.BornToKiLL: hey
(102:48 / All) NvP.BornToKiLL: wanna we go in orc base
(102:50 / All) NvP.BornToKiLL: you come dow
(102:52 / All) NvP.BornToKiLL: and fight
(102:56 / All) TIMG4STROK: oik
(102:59 / All) TIMG4STROK: meet U there
(103:12 / All) Birdeneering: and when are we doing this NYC meetup
(103:18 / All) Birdeneering: we can also meet in london
(103:19 / All) NvP.BornToKiLL: i know
(103:21 / All) NvP.BornToKiLL: you dont come
(103:21 / All) Birdeneering: if that's more convenient
(103:23 / All) NvP.BornToKiLL: but iam boring
(103:27 / All) NvP.BornToKiLL: nad i have all night
(103:50 / All) TIMG4STROK: one down
(105:29 / All) TIMG4STROK: are you ready
(105:32 / All) TIMG4STROK: let me know when youre ready
(105:39 / All) NvP.BornToKiLL: well tommorow
(105:40 / All) NvP.BornToKiLL: in this
(105:41 / All) NvP.BornToKiLL: time
(105:56 / All) NvP.BornToKiLL: come down
(105:57 / All) NvP.BornToKiLL: Pussy
(105:58 / All) TIMG4STROK: 7:08pm est sunday september 15 2013??
(105:59 / All) NvP.BornToKiLL: lets fight
(106:04 / All) NvP.BornToKiLL: then i can leave
(106:07 / All) NvP.BornToKiLL: but just wanna to fight
(106:10 / All) NvP.BornToKiLL: wanna see
(106:11 / All) TIMG4STROK: ok
(106:15 / All) TIMG4STROK: we coming down. relax
(106:27 / All) TIMG4STROK: how do i get my hero down?
(106:35 / All) NvP.BornToKiLL: send
(106:37 / All) NvP.BornToKiLL: mortrad
(106:39 / All) NvP.BornToKiLL: warden
(106:41 / All) NvP.BornToKiLL: with blink
(106:42 / All) NvP.BornToKiLL: down
(106:43 / All) TIMG4STROK: we dont have mortar
(106:46 / All) Birdeneering: see we knew you'd end up last standing in orcs base anyway
(106:51 / All) Birdeneering: why not just do it from the start
(107:04 / All) NvP.BornToKiLL: what score
(107:05 / All) NvP.BornToKiLL: you have?
(107:07 / All) TIMG4STROK: how do i get down
(107:12 / All) Birdeneering: 1-0
(107:15 / All) NvP.BornToKiLL: kk
(107:18 / All) TIMG4STROK: i'm 100-0 in highperch
(107:29 / All) TIMG4STROK: can you be the first to beat me?
(107:35 / All) TIMG4STROK: all signs point to: no
(107:43 / All) NvP.BornToKiLL: well i go sleep
(107:46 / All) NvP.showtime: lol read alot at ur hp
(107:47 / All) NvP.BornToKiLL: but comp turn onn
(107:48 / All) TIMG4STROK: bye
(107:48 / All) NvP.BornToKiLL: stay
(107:49 / All) NvP.showtime: so funny
(107:50 / All) TIMG4STROK: was nice owning you
(107:55 / All) NvP.BornToKiLL: i dont
(107:55 / All) NvP.BornToKiLL: leave
(107:57 / All) NvP.BornToKiLL: the game
(107:59 / All) TIMG4STROK: me either
(108:02 / All) TIMG4STROK: whats your record
(108:03 / All) NvP.BornToKiLL: just go sleep
(108:07 / All) NvP.showtime: Tim
(108:14 / All) NvP.showtime: if you dont get Highperch
(108:19 / All) NvP.showtime: do you leave game then?
(108:27 / All) Birdeneering: did you not visit the per.ch
(108:28 / All) TIMG4STROK: i own noobs on every map
(108:31 / All) Birdeneering: we win on every map there is
(108:38 / All) TIMG4STROK: check my website http://highper.ch for replays of me owning noobs on every map
(108:53 / All) Birdeneering: noobs can't play no more than they're pro poker players or friends of wc3 admins or LSE students
(109:18 / All) Birdeneering: just a web of lies and poor micro...
(109:35 / All) NvP.BornToKiLL: my ally
(109:39 / All) NvP.BornToKiLL: have 58 000
(109:40 / All) NvP.BornToKiLL: woo
(109:43 / All) NvP.BornToKiLL: wood
(110:33 / All) TIMG4STROK: is he going to break the wood record
(110:50 / All) NvP.BornToKiLL: well you are realy
(110:51 / All) NvP.BornToKiLL: good
(110:52 / All) NvP.BornToKiLL: at this
(110:53 / All) NvP.BornToKiLL: tactic
(110:56 / All) NvP.BornToKiLL: i see you practise
(110:57 / All) NvP.BornToKiLL: a lot
(111:04 / All) NvP.showtime: seriuos
(111:07 / All) NvP.showtime: highperch site
(111:09 / All) NvP.showtime: best ever
(111:58 / All) NvP.BornToKiLL: People
(112:00 / All) NvP.BornToKiLL: what do you wanna
(112:04 / All) NvP.BornToKiLL: how much money for leave
(112:05 / All) NvP.BornToKiLL: ?
(112:05 / All) NvP.BornToKiLL: :D
(112:47 / All) Birdeneering: if you want to win
(112:53 / All) Birdeneering: visit http://www.highper.ch/win
(113:00 / All) Birdeneering: it can all be yours
(113:46 / All) Birdeneering: glad you like the sire
(113:48 / All) Birdeneering: te
(114:06 / All) Birdeneering: be sure to share your thoughts & feelings on the picboard by clicking the Brush
(114:34 / All) TIMG4STROK: wow! a win on my warcraft 3 account for only $1 each? where do i sign up
(115:15 / All) Birdeneering: the answer is highper.ch/win
(115:37 / All) Birdeneering: if only all things in life could be this easy... we wouldn't have no wars and gas would be two squips to the gallon
(116:23 / All) TIMG4STROK: are you ready to fight
(117:15 / All) NvP.BornToKiLL: ok gj
(117:16 / All) NvP.BornToKiLL: people
(117:19 / Allies) Birdeneering: /squelch arthas
(117:19 / All) NvP.BornToKiLL: i wanna play
(117:22 / All) NvP.BornToKiLL: you make me leave
(117:29 / All) NvP.BornToKiLL: nice game
(117:30 / All) NvP.BornToKiLL: gl
(117:31 / All) Birdeneering: I thought you were going to sleep
(117:35 / All) NvP.BornToKiLL: y
(117:38 / All) Birdeneering: as a pro poker player and LSE student
(117:38 / All) NvP.BornToKiLL: but i wanna
(117:39 / All) NvP.BornToKiLL: play more
(117:46 / All) Birdeneering: is that a lie too
(118:05 / All) Birdeneering: how many do you have to go through... just because you lost 1 humiliating game
(118:07 / All) Birdeneering: don't worry
(118:10 / All) Birdeneering: highper.ch/win
(125:46 / All) Birdeneering: f r odiema
(126:58 / All) NvP.showtime: haha 3$ for win
(127:06 / All) NvP.showtime: u guys are so funny
(127:09 / All) TIMG4STROK: what a low price!
(127:23 / All) NvP.showtime: ur homepage is brilliang
(127:27 / All) Birdeneering: bargain for a successful poker pro as yourself, must be like 10 seconds for you
(127:44 / All) NvP.showtime: i dont have paypal :)
(127:52 / All) TIMG4STROK: do you have a credit card
(127:57 / All) NvP.showtime: lol
(127:59 / All) NvP.showtime: o c
(128:02 / All) NvP.showtime: of c
(128:06 / All) Birdeneering: well that's all you need
(128:10 / All) Birdeneering: your win is just a few digits away
(128:15 / All) TIMG4STROK: we accept mastercard visa and american express. sorry discover holders!
(131:06 / All) Birdeneering: that darn warden... so slippery
(131:09 / All) Birdeneering: If only there was a better way
(131:35 / All) Birdeneering: for an independently wealthy poker professional in NYC
(132:50 / All) NvP.showtime: check ur paypal acc
(132:51 / All) NvP.showtime: =
(132:52 / All) NvP.showtime: =)
(133:57 / All) NvP.showtime: =)
(134:31 / All) NvP.showtime: so
(134:38 / All) NvP.showtime: can you leave now?
(134:39 / All) NvP.showtime: =)
(134:45 / All) AlasPoorYorick: just a sec
(134:49 / All) TIMG4STROK: once the bank has contacted us that the funds have gone through
(134:53 / All) Birdeneering: We appreciate your patience while we process your request
(144:22 / All) NvP.showtime: ?
(144:23 / All) NvP.showtime: manners
(145:00 / All) TIMG4STROK: hi, please be patient!
(145:13 / All) TIMG4STROK: im on the phone with the bank right now
(146:13 / All) Birdeneering: we appreciate your understanding in this time of need
(149:22 / All) TIMG4STROK: what a Nice Fight
(149:30 / All) Birdeneering: we hope you Liked
(154:18 / All) TIMG4STROK: BYE
(154:24 / All) TIMG4STROK: sry caps, rude
(155:31 / All) NvP.showtime: wp
(155:37 / All) Birdeneering: very much so
(155:37 / All) NvP.showtime: very funny strat :)
(155:39 / All) TIMG4STROK: by whom
(155:45 / All) NvP.showtime: who of you
(155:49 / All) NvP.showtime: even found out?
(157:45 / All) AlasPoorYorick: gg
(157:48 / All) NvP.showtime: gg
(157:48 / All) NvP.showtime: =)
(157:57 / All) TIMG4STROK: wheres you wc3 admin friend
(158:00 / All) NvP.showtime: lol
(158:03 / All) NvP.showtime: not my friend
(158:08 / All) NvP.showtime: not even know that guy
(158:17 / All) TIMG4STROK: wait so youre telling me you made it up
(158:23 / All) NvP.showtime: i didnt say that
(158:29 / All) AlasPoorYorick: thanks for not researching spiked barricades
(158:30 / All) NvP.showtime: it was Borntowastetime
(158:58 / All) NvP.showtime: u gusy work at blizzard? :)
(159:05 / All) AlasPoorYorick: they hire me
(159:09 / All) AlasPoorYorick: to own noobs
(159:22 / All) TIMG4STROK: they said "wow i cant believe how many noobs u own i gotta have U""
(159:36 / All) Birdeneering: (in bed)